 Dungeon Crawl Stone Soup version 0.31.0-4-g52a2dc7128 (webtiles) character file.

Game seed: 4910040168908529608

28 Sweeb the Chopper (level 3, -5/25 HPs)
             Began as an Octopode Gladiator on Jan 22, 2024.
             Splashed by a jelly's acid (7 damage)
             ... on level 2 of the Dungeon.
             The game lasted 00:00:55 (1048 turns).

Sweeb the Chopper (Octopode Gladiator)              Turns: 1048, Time: 00:00:57

Health: -5/25      AC: -3    Str: 13    XL:     3   Next: 14%
Magic:  3/3        EV: 14    Int: 10    God:
Gold:   22         SH:  0    Dex: 15    Spells: 2/2 levels left

rFire   . . .        a - +0 war axe
rCold   . . .        (no shield)
rNeg    . . .        b - +0 hat
rPois   .            (no amulet)
rElec   .            (no ring)
rCorr   .            (no ring)
SInv    .            (no ring)
Will    .....        (no ring)
Stlth   +++          (no ring)
HPRegen 0.24/turn    (no ring)
MPRegen 0.08/turn    (no ring)
                     (no ring)

%: no passive effects
@: corroded
A: almost no armour, amphibious, 8 rings, camouflage 1, gelatinous body 1,
(nimble swimmer 1), tentacles
a: no special abilities


You were on level 2 of the Dungeon.
You visited 1 branch of the dungeon, and saw 2 of its levels.

You collected 22 gold pieces.

Inventory:

Hand Weapons
 a - a +0 war axe (weapon)
Missiles
 c - 3 throwing nets (quivered)
 d - a javelin
Armour
 b - a +0 hat (worn)
Scrolls
 e - 2 scrolls of teleportation {unknown}
 f - 2 scrolls of poison {unknown}
Potions
 g - 2 potions of curing {unknown}


   Skills:
 + Level 2.3 Fighting
 * Level 3.5 Axes
 - Level 2.0 Throwing
 + Level 3.2 Dodging
 + Level 1.5 Stealth


You had 2 spell levels left.
You didn't know any spells.
Your spell library was empty.

Dungeon Overview and Level Annotations

Branches:
Dungeon (2/15)

Altars:


Innate Abilities, Weirdness & Mutations

You cannot wear most types of armour.
You are amphibious.
You can wear up to eight rings at the same time.
Your skin changes colour to match your surroundings (Stealth+).
Your rubbery body absorbs attacks. (AC +1, EV +1)
((You are camouflaged when in or above water. (Stealth+)))
You have tentacles for arms and can constrict up to eight enemies at once.


Message History

The quokka misses you.
You barely miss the quokka. You grab the quokka.
The quokka is heavily wounded.
You constrict the quokka. The quokka closely misses you.
The quokka barely misses you.
A quokka is nearby!
A quokka is nearby!
A quokka is nearby!
You slash the quokka!
You kill the quokka!
No target in view!
A ball python comes into view.
A ball python is nearby!
A ball python is nearby!
A ball python is nearby!
No target in view!
No target in view!
No target in view!
There is a shaft here.
A jelly comes into view.
A goblin comes into view. It is wielding a +0 dagger.
There is an open door here.
The helpless jelly fails to defend itself.
You slash the jelly!
Your tentacles burn!
The jelly is heavily wounded.
The goblin shouts!
The jelly hits you. The acid corrodes you!
You are splashed with acid!
You are too injured to fight recklessly!
You are too injured to fight recklessly!
You are too injured to fight recklessly!
You hit the jelly.
Your tentacles burn!
The jelly is severely wounded.
The jelly closely misses you.
You hit the jelly.
Your tentacles burn!
* * * LOW HITPOINT WARNING * * *
The jelly is severely wounded.
The jelly completely misses you. The jelly hits you.
* * * LOW HITPOINT WARNING * * *
You are splashed with acid!
You die...

#.###.# #.# #..........
#.# #.# #.# #.#########
#.# #.# #.#####.# # #.#
#.# #.......# # #.# #.#
.. ####################
#.# #.# ....
#..^..............## #.#
#.#
....S#'###############.##
..# #.##............#
#.##
#####.##....g...@...#
#.##
......##.........J..#
#...
#########.#.#.......#
#### # #.#.......# #
#.......# ##.###### #. #.


You could see a jelly, a goblin and a ball python.

Vanquished Creatures
  A dart slug (D:2)
  2 bats
  6 endoplasms (D:1)
  A goblin (D:1)
  A hobgoblin (D:1)
  6 quokkas
  2 frilled lizards (D:1)
  2 kobolds (D:1)
  A rat (D:1)
22 creatures vanquished.

Notes
Turn   | Place    | Note
-------+----------+-------------------------------------------
     0 | D:1      | Sweeb the Octopode Gladiator began the quest for the Orb.
     0 | D:1      | Reached XP level 1. HP: 14/14 MP: 1/1
   159 | D:1      | Reached XP level 2. HP: 2/19 MP: 2/2
   371 | D:1      | Reached skill level 1 in Stealth
   678 | D:1      | Reached XP level 3. HP: 13/24 MP: 3/3
  1048 | D:2      | Splashed by a jelly's acid

Illustrated notes

Levels and vault maps discovered:
D:1:      dpeg_arrival_fog, layout_basic, serial_bayou_pond_c
D:2:      layout_basic, grunt_ministairs_15

Skill      XL: |  1  2 |
---------------+-------+-----
Stealth        | 1 |  1.5
Fighting       | |  2.3
Axes           | |  3.5
Throwing       | |  2.0
Dodging        | |  3.2

Action                     || total
---------------------------++-------
  Melee: War axe           ||    40
         Tentacles         ||     5
         Constrict         ||     5
  Throw: Throwing net      ||     1
   Stab: Sleeping          ||     2
 Armour: Skin              ||    16
  Dodge: Dodged            ||    18
